 Dungeon Crawl Stone Soup version 0.31-a0-18-gea43df2a32 (webtiles) character file.

Game seed: 6714143592969297208

45 Dittersdorf the Covered (level 3, 0/24 HPs)
             Began as a Gargoyle Fighter on May 10, 2023.
             Slain by a worm (9 damage)
             ... on level 2 of the Dungeon.
             The game lasted 00:01:40 (880 turns).

Dittersdorf the Covered (Gargoyle Fighter)           Turns: 880, Time: 00:01:41

Health: 0/24       AC: 10    Str: 21    XL:     3   Next: 64%
Magic:  3/3        EV:  9    Int:  8    God:
Gold:   22         SH:  4    Dex:  9    Spells: 2/2 levels left

rFire   + . .        a - +0 flail
rCold   . . .        c - +0 buckler
rNeg    + . .        b - +0 scale mail
rPois   ∞            (no helmet)
rElec   +            (no cloak)
rCorr   .            (no gloves)
SInv    .            (no boots)
Will    .....        (no amulet) Stlth
                     k - ring of protection from fire
HPRegen 0.24/turn    (no ring)
MPRegen 0.08/turn

%: no passive effects
@: no status effects
A: sickness immunity, AC +3, negative energy resistance 1, electricity
resistance, torment resistance 1, petrification resistance
a: no special abilities


You were on level 2 of the Dungeon.
You visited 1 branch of the dungeon, and saw 2 of its levels.

You collected 22 gold pieces.

Inventory:

Hand Weapons
 a - a +0 flail (weapon)
Armour
 b - a +0 scale mail (worn)
 c - a +0 buckler (worn)
 e - a +0 plate armour
Jewellery
 k - a ring of protection from fire (left hand)
Scrolls
 g - a scroll of teleportation {unknown}
 i - a scroll of magic mapping {unknown}
 l - a scroll of enchant weapon {unknown}
 n - a scroll of amnesia {unknown}
Potions
 d - a potion of might
 f - 2 potions of curing {unknown}
 h - a potion of heal wounds {unknown}
 j - a potion of attraction {unknown}
 m - a potion of experience {unknown}


   Skills:
 + Level 3.7 Fighting
 + Level 2.6 Maces & Flails
 + Level 3.7 Armour
 + Level 3.7 Shields


You had 2 spell levels left.
You didn't know any spells.
Your spell library was empty.

Dungeon Overview and Level Annotations

Branches:
Dungeon (2/15)

Altars:


Innate Abilities, Weirdness & Mutations

You are immune to sickness and miasma.
Your stone body is resilient. (AC +3)
You are immune to poison.
You resist negative energy. (rN+)
You are resistant to electric shocks. (rElec)
You are resistant to unholy torment.
You are immune to petrification.


Message History

The adder attacks as you move away! The adder barely misses you.
The quokka attacks as you move away! The quokka closely misses you.
The quokka attacks as you move away! The quokka barely misses you.
The quokka closely misses you. The adder attacks as you move away!
You block the adder's attack. The adder closely misses you.
The quokka attacks as you move away! The quokka closely misses you.
The quokka attacks as you move away! The quokka barely misses you.
The adder bites you but does no damage. You block the adder's attack.
You barely miss the adder. The adder bites you.
The adder bites you but does no damage.
You hit the adder but do no damage. The adder bites you but does no damage.
You miss the adder. The adder closely misses you.
The adder bites you but does no damage.
You hit the adder.
The adder is heavily wounded.
The adder barely misses you. The adder bites you.
You barely miss the adder.
The adder is heavily wounded.
The adder barely misses you.
You miss the adder.
The adder is heavily wounded.
You block the adder's attack. The adder bites you but does no damage.
You hit the adder.
You kill the adder!
You miss the quokka. You block the quokka's attack.
The quokka bites you but does no damage.
You closely miss the quokka. The quokka closely misses you.
The quokka bites you but does no damage.
You sock the quokka!
You kill the quokka!
The worm bites you but does no damage.
You see here a quokka corpse.
You barely miss the worm. The worm closely misses you.
You hit the worm but do no damage. The worm bites you!
You barely miss the worm. You hit the worm but do no damage.
The worm misses you.
You barely miss the worm. The worm bites you!
You die...

### ...######## #...(.##.
.......... ......... ##.........
........# .......... ........#
###........ ........# ###
###..........
........###.#########...#....†...
........##.....w@....####..†<†...
........#..#..######## ##........
..............# #####.....###.
..............# ##.....###.....
#....#.###..#...........>........
#.####.# #.##..(...>########.....
# ... .....##### ######
#........## .... ....#


You could see a worm.

Vanquished Creatures
  An adder (D:2)
  A worm (D:2)
  6 bats
  4 endoplasms (D:1)
  A giant cockroach (D:2)
  3 hobgoblins (D:1)
  2 jackals (D:1)
  A kobold (D:1)
  2 quokkas
  A ball python (D:2)
  2 frilled lizards (D:1)
  2 goblins
  6 rats
32 creatures vanquished.

Notes
Turn   | Place    | Note
-------+----------+-------------------------------------------
     0 | D:1      | Dittersdorf the Gargoyle Fighter began the quest for the
                  | Orb.
     0 | D:1      | Reached XP level 1. HP: 14/14 MP: 1/1
   147 | D:1      | Reached XP level 2. HP: 19/19 MP: 2/2
   288 | D:1      | Found a faded altar of an unknown god.
   419 | D:1      | Reached XP level 3. HP: 23/23 MP: 3/3
   880 | D:2      | Slain by a worm

Illustrated notes

Levels and vault maps discovered:
D:1:      dpeg_arrival_tiny_f, layout_basic, ebering_ecumenical_altar_petrified
D:2:      layout_rooms, serial_shops, shop, kennysheep_generic_room_9,
          uniq_natasha, uniq_sigmund

Action                     || total
---------------------------++-------
  Melee: Flail             ||   117
 Armour: Scale mail        ||    76
  Dodge: Dodged            ||    81
  Block: Buckler           ||    36

Table legend: (Time is in decaauts)
 A = Elapsed time spent in this place.
 B = Non-inter-level travel time spent in this place.
 C = Inter-level travel time spent in this place.
 D = Time resting spent in this place.
 E = Time spent auto-exploring this place.
 F = Levels seen in this place.
 G = Mean time per level.
                   A        B        C        D        E       F      G
               +--------+--------+--------+--------+--------+-----+--------+
         Total |    915 |    890 |     25 |      0 |    632 |   2 |  457.5 |
       Dungeon |    915 |    890 |     25 |      0 |    632 |   2 |  457.5 |
               +--------+--------+--------+--------+--------+-----+--------+

Top non-repeatable levels by time:
     D:1: 756 daAuts
     D:2: 159 daAuts
